Map: Eastwatch LE

Players

AsH

  • Race: Protoss Protoss
  • League: Master
  • Spawn Location: 1:00

Demian - Winner!

  • Race: Zerg Zerg
  • Spawn Location: 7:00

VOD

Have the link to the VOD?

Description

Fighting fire with fire.

Time

  • Played on: May 13, 2018, 6:57 a.m.
  • Length: 5:53
Show
View Real Time Build Order
Export as new Build Order

AsH Protoss 

Build Orders:  

Get SALT Encoding   

  12  0:00  Probe  
  13  0:13  Probe  
  14  0:20  Pylon  
  14  0:25  Probe  
  15  0:38  Probe  
  16  0:45  Forge  
  16  0:50  Probe  
  16  0:52  Pylon  
  17  1:02  Probe  
  18  1:16  Probe  
  19  1:22  Photon Cannon  
  19  1:25  Gateway  
  19  1:28  Probe  
  19  1:29  Assimilator  
  20  1:34  Assimilator  
  20  1:40  Probe  
  21  1:50  Photon Cannon  
  21  1:54  Pylon  
  21  1:56  Probe  
  22  2:08  Probe  
  23  2:13  Cybernetics Core  
  23  2:18  Zealot  
  23  2:20  Probe  
  26  2:32  Probe  
  26  2:35  Photon Cannon  
  27  2:52  Robotics Facility  
  20  3:34  Nexus  
  18  4:55  Cybernetics Core  
  17  5:01  Assimilator  
  17  5:05  Probe  
  18  5:11  Zealot  
Show
View Real Time Build Order
Export as new Build Order

Demian Zerg - Winner!

Build Orders: Hatch First 

Get SALT Encoding   

  12  0:01  Drone  
  13  0:08  Drone  
  14  0:17  Overlord  
  14  0:36  Drone x2  
  16  0:48  Hatchery  
  15  0:52  Drone  
  16  0:57  Drone  
  16  0:59  Drone  
  18  1:09  Drone  
  18  1:11  Extractor  
  18  1:21  Drone  
  19  1:29  Spawning Pool  
  19  1:30  Drone  
  19  1:41  Drone  
  20  1:53  Drone  
  21  2:02  Drone x2  
  23  2:16  Queen x2  
  23  2:18  Drone  
  23  2:20  Overlord  
  28  2:42  Drone  
  29  3:03  Drone  
  30  3:22  Zergling x2  
  31  3:27  Zergling x2  
  32  3:37  Zergling x2  
  32  4:11  Zergling x6  
  35  4:35  Overlord  
  35  4:57  Zergling x4  
  26  5:24  Zergling x2  
Tags
 
League
Master
Matchup
PvZ
Spawn Locations
Cross Positions
Add a new tag
Caveats
  • Supply blocks, unpowered buildings, or Contaminate may cause inaccurate times.
  • Supply counts are checked every 10 seconds.